NCAA
LOUISVILLE CARDINALS @ KANSAS JAYHAWKS
05/03/2030
 
TOP OF THE 1ST
Louisville Cardinals batting - Pitching for Kansas Jayhawks : RHP Dustin Velásquez
Pitching: RHP Dustin Velásquez
Batting: RHB Troy Legge 0-0: Ball
1-0: Swinging Strike
1-1: Swinging Strike
1-2: Strikes out swinging
Batting: RHB Curt Matthews 0-0: Ball
1-0: Ball
2-0: Called Strike
2-1: Ground out 3-1 (Groundball, 34)
Batting: RHB Roberto Peña 0-0: Called Strike
0-1: Ball
1-1: Ball
2-1: Called Strike
2-2: Ball
3-2: Strikes out swinging
Top of the 1st over - 0 runs, 0 hits, 0 errors, 0 left on base; Louisville 0 - Kansas 0
BOTTOM OF THE 1ST
Kansas Jayhawks batting - Pitching for Louisville Cardinals : LHP Adam Guerrero
Pitching: LHP Adam Guerrero
Batting: RHB Julius Shelton 0-0: Ball
1-0: Ball
2-0: SINGLE (Line Drive, 89S)
Batting: RHB Fred Griffith 0-0: Called Strike
0-1: Ball
1-1: Foul Ball, location: 2F
1-2: Foul Ball, location: 2F
1-2: Fly out, F9 (Flyball, 9LS)
Batting: RHB Peyton Ryan 0-0: Ball
Julius Shelton is caught stealing 2nd base
1-0: Fly out, F7 (Flyball, 7D)
Bottom of the 1st over - 0 runs, 1 hit, 0 errors, 0 left on base; Louisville 0 - Kansas 0
TOP OF THE 2ND
Louisville Cardinals batting - Pitching for Kansas Jayhawks : RHP Dustin Velásquez
Batting: LHB Miguel Rodríguez 0-0: Called Strike
0-1: Ball
1-1: Called Strike
1-2: Ball
2-2: Ball
3-2: Foul Ball, location: 2F
3-2: Strikes out looking
Batting: LHB Pat Belrio 0-0: Ground out 5-3 (Groundball, 56)
Batting: LHB Francisco Aguilera 0-0: Called Strike
0-1: Called Strike
0-2: Strikes out swinging
Top of the 2nd over - 0 runs, 0 hits, 0 errors, 0 left on base; Louisville 0 - Kansas 0
BOTTOM OF THE 2ND
Kansas Jayhawks batting - Pitching for Louisville Cardinals : LHP Adam Guerrero
Batting: RHB Sidney Gilbert 0-0: Fly out, F7 (Flyball, 78S)
Batting: RHB William Haas 0-0: Ball
1-0: Ball
2-0: Ball
3-0: Called Strike
3-1: Base on Balls
Batting: LHB José Pueblo 0-0: Ball
1-0: Reached on error, E6 (Groundball, 6M)
William Haas to second
Batting: LHB Jason Rogers 0-0: Foul Ball, location: 2F
0-1: Foul Ball, location: 2F
0-2: Ball
1-2: Ball
2-2: Foul Ball, location: 2F
2-2: Ball
3-2: Strikes out looking
Batting: LHB Daniel Miller 0-0: Foul Ball, location: 2F
0-1: Swinging Strike
0-2: Ball
1-2: Fly out, F3 (Flyball, 3D)
Bottom of the 2nd over - 0 runs, 0 hits, 1 error, 2 left on base; Louisville 0 - Kansas 0
TOP OF THE 3RD
Louisville Cardinals batting - Pitching for Kansas Jayhawks : RHP Dustin Velásquez
Batting: SHB Andrés Sandoval 0-0: Ball
1-0: Ball
2-0: Ball
3-0: Called Strike
3-1: Called Strike
3-2: Ground out 4-3 (Groundball, 4)
Batting: LHB Stephen Johnston 0-0: Ball
1-0: Called Strike
1-1: Foul Ball, location: 2F
1-2: Ball
2-2: SOLO HOME RUN (Flyball, 9LD), Distance : 320 ft
Batting: LHB Aaron Ford 0-0: Foul Ball, location: 2F
0-1: Foul Ball, location: 2F
0-2: Foul Ball, location: 2F
0-2: Strikes out swinging
Batting: RHB Troy Legge 0-0: Ball
1-0: Swinging Strike
1-1: Ball
2-1: Ball
3-1: Called Strike
3-2: SINGLE (Line Drive, 8LS)
Batting: RHB Curt Matthews 0-0: Ball
1-0: Called Strike
1-1: Ball
2-1: Called Strike
2-2: Strikes out swinging
Top of the 3rd over - 1 run, 2 hits, 0 errors, 1 left on base; Louisville 1 - Kansas 0
BOTTOM OF THE 3RD
Kansas Jayhawks batting - Pitching for Louisville Cardinals : LHP Adam Guerrero
Batting: LHB Kevin Ferguson 0-0: Ball
1-0: Called Strike
1-1: Swinging Strike
1-2: Ball
2-2: SOLO HOME RUN (Line Drive, 9LD), Distance : 334 ft
Batting: RHB Julius Shelton 0-0: Ball
1-0: Ball
2-0: Called Strike
2-1: Fly out, F8 (Flyball, 8LM)
Batting: RHB Fred Griffith 0-0: Ball
1-0: Ball
2-0: Foul Ball, location: 2F
2-1: DOUBLE (Line Drive, 78D)
Batting: RHB Peyton Ryan 0-0: Called Strike
0-1: Ball
1-1: Swinging Strike
1-2: Ball
Wild Pitch!
Fred Griffith to third
2-2: Foul Ball, location: 2F
2-2: Ball
3-2: Fly out, F8 (Flyball, 8RS)
Runner from 3rd tags up, SCORES, no throw
Batting: RHB Sidney Gilbert 0-0: Ball
1-0: Swinging Strike
1-1: DOUBLE (Line Drive, 7LM)
Batting: RHB William Haas 0-0: Ball
1-0: Ball
2-0: Ball
3-0: Base on Balls
Batting: LHB José Pueblo 0-0: Called Strike
0-1: Ball
1-1: Ball
2-1: Ball
3-1: Fly out, F7 (Flyball, 7S)
Bottom of the 3rd over - 2 runs, 3 hits, 0 errors, 2 left on base; Louisville 1 - Kansas 2
TOP OF THE 4TH
Louisville Cardinals batting - Pitching for Kansas Jayhawks : RHP Dustin Velásquez
Batting: RHB Roberto Peña 0-0: Ball
1-0: Ball
2-0: Fly out, F6 (Flyball, 6D)
Batting: LHB Miguel Rodríguez 0-0: Ball
1-0: Called Strike
1-1: SOLO HOME RUN (Flyball, 9LD), Distance : 333 ft
Batting: LHB Pat Belrio 0-0: Swinging Strike
0-1: Foul Ball, location: 2F
0-2: SINGLE (Line Drive, 8RS)
Batting: LHB Francisco Aguilera 0-0: Ball
1-0: Called Strike
1-1: Swinging Strike
1-2: Strikes out swinging
Batting: SHB Andrés Sandoval 0-0: Foul Ball, location: 2F
0-1: Swinging Strike
0-2: Ball
1-2: Strikes out looking
Top of the 4th over - 1 run, 2 hits, 0 errors, 1 left on base; Louisville 2 - Kansas 2
BOTTOM OF THE 4TH
Kansas Jayhawks batting - Pitching for Louisville Cardinals : LHP Adam Guerrero
Batting: LHB Jason Rogers 0-0: Ball
1-0: Swinging Strike
1-1: Called Strike
1-2: Strikes out swinging
Batting: LHB Daniel Miller 0-0: Ball
1-0: Foul Ball, location: 2F
1-1: Hit by Pitch
Pitching: LHP Scott McLeish
Batting: LHB Kevin Ferguson 0-0: Ball
1-0: Called Strike
1-1: Ball
2-1: Fly out, F6 (Popup, 6M)
Batting: RHB Julius Shelton 0-0: Ball
1-0: Foul Ball, location: 2F
1-1: Called Strike
1-2: SINGLE (Groundball, 4) (infield hit)
Daniel Miller to second
Batting: RHB Fred Griffith 0-0: Called Strike
0-1: Ball
1-1: Swinging Strike
1-2: Ball
2-2: Foul Ball, location: 2F
2-2: Ball
3-2: Reached on error, E6 (Groundball, 6)
Daniel Miller to third
Julius Shelton to second
Batting: RHB Peyton Ryan 0-0: Called Strike
0-1: Swinging Strike
0-2: Ball
1-2: Foul Ball, location: 2F
1-2: Foul Ball, location: 2F
1-2: Strikes out swinging
Bottom of the 4th over - 0 runs, 1 hit, 1 error, 3 left on base; Louisville 2 - Kansas 2
TOP OF THE 5TH
Louisville Cardinals batting - Pitching for Kansas Jayhawks : RHP Dustin Velásquez
Batting: LHB Stephen Johnston 0-0: Swinging Strike
0-1: Called Strike
0-2: Strikes out swinging
Batting: LHB Aaron Ford 0-0: Ball
1-0: Called Strike
1-1: Swinging Strike
1-2: Strikes out looking
Batting: RHB Troy Legge 0-0: Ball
1-0: Ball
2-0: Foul Ball, location: 2F
2-1: Ball
3-1: Foul Ball, location: 2F
3-2: Foul Ball, location: 2F
3-2: Strikes out swinging
Top of the 5th over - 0 runs, 0 hits, 0 errors, 0 left on base; Louisville 2 - Kansas 2
BOTTOM OF THE 5TH
Kansas Jayhawks batting - Pitching for Louisville Cardinals : LHP Scott McLeish
Batting: RHB Sidney Gilbert 0-0: Called Strike
0-1: Swinging Strike
0-2: Ball
1-2: Foul Ball, location: 2F
1-2: Ball
2-2: Ball
3-2: Base on Balls
Batting: RHB William Haas Pickoff Throw to First - Out!
0-0: Called Strike
0-1: Called Strike
0-2: Foul Ball, location: 2F
0-2: Ball
1-2: Foul Ball, location: 2F
1-2: Ball
2-2: Ground out 5-3 (Groundball, 56)
Batting: LHB José Pueblo 0-0: Ball
1-0: Ball
2-0: SOLO HOME RUN (Flyball, 7LD), Distance : 324 ft
Pitching: RHP Ray Travis
Batting: LHB Jason Rogers 0-0: Called Strike
0-1: Called Strike
0-2: Ball
1-2: Fly out, F3 (Popup, 3SF)
Bottom of the 5th over - 1 run, 1 hit, 0 errors, 0 left on base; Louisville 2 - Kansas 3
TOP OF THE 6TH
Louisville Cardinals batting - Pitching for Kansas Jayhawks : RHP Dustin Velásquez
Pitching: RHP Lance Ramsey
Batting: RHB Curt Matthews 0-0: SINGLE (Flyball, 8LS)
Batting: RHB Roberto Peña 0-0: Ball
1-0: Fly out, F6 (Popup, 6MS)
Batting: LHB Miguel Rodríguez 0-0: Foul Ball, location: 2F
0-1: Called Strike
0-2: Strikes out swinging
Batting: LHB Pat Belrio 0-0: Ball
1-0: Called Strike
1-1: DOUBLE (Flyball, 9)
Curt Matthews to third
Runner from 3rd tries for Home, throw and OUT!
Top of the 6th over - 0 runs, 2 hits, 0 errors, 1 left on base; Louisville 2 - Kansas 3
BOTTOM OF THE 6TH
Kansas Jayhawks batting - Pitching for Louisville Cardinals : RHP Ray Travis
Batting: LHB Daniel Miller 0-0: Called Strike
0-1: Swinging Strike
0-2: DOUBLE (Flyball, 89D)
Batting: LHB Kevin Ferguson 0-0: Reached on error, E4 (Groundball, 4)
Daniel Miller to third
Batting: RHB Julius Shelton 0-0: Ball
1-0: Ball
2-0: Ball
3-0: Base on Balls
Kevin Ferguson to second
Batting: RHB Fred Griffith 0-0: Ball
1-0: Ball
2-0: Grounds into fielders choice 1-2 (Groundball, 13)
Kevin Ferguson to third
Julius Shelton to second
Batting: RHB Peyton Ryan 0-0: Ball
1-0: Fly out, F6 (Popup, 6MS)
Batting: RHB Sidney Gilbert 0-0: Called Strike
0-1: Called Strike
0-2: Foul Ball, location: 2F
0-2: Fly out, F5 (Popup, 5L)
Bottom of the 6th over - 0 runs, 1 hit, 1 error, 3 left on base; Louisville 2 - Kansas 3
TOP OF THE 7TH
Louisville Cardinals batting - Pitching for Kansas Jayhawks : RHP Lance Ramsey
Pitching: LHP Rickey Cuttle
Batting: LHB Francisco Aguilera 0-0: Ball
1-0: Called Strike
1-1: Fly out, F8 (Flyball, 8RM)
Batting: SHB Andrés Sandoval 0-0: Ground out 5-3 (Groundball, 5S)
Batting: LHB Stephen Johnston 0-0: Called Strike
0-1: Swinging Strike
0-2: SINGLE (Groundball, 56D)
Pinch Hitting: RHB Henry Rice 0-0: Ground out 4-3 (Groundball, 4)
Top of the 7th over - 0 runs, 1 hit, 0 errors, 1 left on base; Louisville 2 - Kansas 3
BOTTOM OF THE 7TH
Kansas Jayhawks batting - Pitching for Louisville Cardinals : RHP Ray Travis
Now at SS: Henry Rice
Batting: RHB William Haas 0-0: Ball
1-0: Called Strike
1-1: Ball
2-1: Ball
3-1: Foul Ball, location: 2F
3-2: SOLO HOME RUN (Flyball, 7LD), Distance : 334 ft
Pitching: RHP Bill Cooper
Batting: LHB José Pueblo 0-0: Ball
1-0: Ball
2-0: Ball
3-0: Called Strike
3-1: Base on Balls
Batting: LHB Jason Rogers 0-0: Bunted foul
0-1: Bunted foul
0-2: Foul Ball, location: 2F
0-2: Ball
1-2: Ball
2-2: Ball
3-2: Fly out, F9 (Flyball, 9)
Batting: LHB Daniel Miller 0-0: Ball
1-0: Ball
2-0: Called Strike
2-1: Ball
3-1: Swinging Strike
3-2: Base on Balls
José Pueblo to second
Batting: LHB Kevin Ferguson 0-0: Ball
1-0: Ball
Wild Pitch!
José Pueblo to third
Daniel Miller to second
2-0: Intentional Walk
Pinch Hitting: RHB Steve Sanders 0-0: Ball
1-0: Foul Ball, location: 2F
1-1: Called Strike
1-2: Grounds into fielders choice 4-2 (Groundball, 4)
Daniel Miller to third
Kevin Ferguson to second
Batting: RHB Fred Griffith 0-0: Ball
1-0: Ball
2-0: Ball
3-0: Called Strike
3-1: Base on Balls
Daniel Miller scores
Kevin Ferguson to third
Steve Sanders to second
Batting: RHB Peyton Ryan 0-0: Ball
1-0: Foul Ball, location: 2F
1-1: Ball
2-1: Ball
3-1: Base on Balls
Kevin Ferguson scores
Steve Sanders to third
Fred Griffith to second
Pitching: RHP José Pérez
Batting: RHB Sidney Gilbert 0-0: Ball
1-0: Ball
2-0: Ball
3-0: Called Strike
3-1: Swinging Strike
3-2: Foul Ball, location: 2F
3-2: Fly out, F9 (Line Drive, 9)
Bottom of the 7th over - 3 runs, 1 hit, 0 errors, 3 left on base; Louisville 2 - Kansas 6
TOP OF THE 8TH
Louisville Cardinals batting - Pitching for Kansas Jayhawks : LHP Rickey Cuttle
Pitching: RHP Dick Green
Now in CF: Luis Viña
Batting: RHB Troy Legge 0-0: Ground out 1-3 (Groundball, P)
Batting: RHB Curt Matthews 0-0: Ball
1-0: Ball
2-0: Foul Ball, location: 2F
2-1: Foul Ball, location: 2F
2-2: Strikes out swinging
Batting: RHB Roberto Peña 0-0: Fly out, F4 (Popup, 4MD)
Top of the 8th over - 0 runs, 0 hits, 0 errors, 0 left on base; Louisville 2 - Kansas 6
BOTTOM OF THE 8TH
Kansas Jayhawks batting - Pitching for Louisville Cardinals : RHP José Pérez
Batting: RHB William Haas 0-0: Called Strike
0-1: Called Strike
0-2: Ball
1-2: SINGLE (Groundball, 6MD)
Batting: LHB José Pueblo 0-0: Ball
1-0: Called Strike
1-1: Foul Ball, location: 2F
1-2: Ball
2-2: Foul Ball, location: 2F
2-2: Strikes out looking
Batting: LHB Jason Rogers 0-0: SINGLE (Line Drive, 6)
William Haas to second
Batting: LHB Daniel Miller 0-0: Ball
1-0: Foul Ball, location: 2F
1-1: Foul Ball, location: 2F
1-2: Ball
2-2: Ball
3-2: Base on Balls
William Haas to third
Jason Rogers to second
Batting: LHB Kevin Ferguson 0-0: Called Strike
0-1: Ball
1-1: Ball
2-1: Called Strike
2-2: Ball
3-2: Fly out, F7 (Flyball, 7S)
Batting: RHB Luis Viña 0-0: Swinging Strike
0-1: Ball
1-1: Foul Ball, location: 2F
1-2: Ball
2-2: Ball
3-2: Base on Balls
William Haas scores
Jason Rogers to third
Daniel Miller to second
Batting: RHB Fred Griffith 0-0: Ball
1-0: Ball
2-0: Called Strike
2-1: Foul Ball, location: 2F
2-2: Ball
3-2: Base on Balls
Jason Rogers scores
Daniel Miller to third
Luis Viña to second
Batting: RHB Peyton Ryan 0-0: Swinging Strike
0-1: Ball
1-1: Foul Ball, location: 2F
1-2: Fielders Choice at 2nd, 5-4 (Groundball, 56)
Bottom of the 8th over - 2 runs, 2 hits, 0 errors, 3 left on base; Louisville 2 - Kansas 8
TOP OF THE 9TH
Louisville Cardinals batting - Pitching for Kansas Jayhawks : RHP Dick Green
Batting: LHB Miguel Rodríguez 0-0: Called Strike
0-1: Swinging Strike
0-2: Ball
1-2: Ball
2-2: Ball
3-2: SINGLE (Line Drive, 6D)
Batting: LHB Pat Belrio 0-0: Ball
1-0: Called Strike
1-1: Ball
2-1: Ball
3-1: Base on Balls
Miguel Rodríguez to second
Batting: LHB Francisco Aguilera 0-0: Ball
1-0: Called Strike
1-1: Foul Ball, location: 2F
1-2: Ball
2-2: Foul Ball, location: 2F
2-2: Ball
3-2: Foul Ball, location: 2F
3-2: Base on Balls
Miguel Rodríguez to third
Pat Belrio to second
Batting: SHB Andrés Sandoval 0-0: Ball
1-0: Ball
Wild Pitch!
Miguel Rodríguez scores
Pat Belrio to third
Francisco Aguilera to second
2-0: Fly out, F7 (Flyball, 7LM)
Runner from 3rd tags up, SCORES, no throw
Pitching: RHP Joe Walker
Batting: LHB Stephen Johnston 0-0: Called Strike
0-1: Ball
1-1: Called Strike
1-2: Fly out, F8 (Line Drive, 8LD)
Batting: RHB Henry Rice 0-0: Fly out, F2 (Popup, 25F)
Top of the 9th over - 2 runs, 1 hit, 0 errors, 1 left on base; Louisville 4 - Kansas 8
Saturday, April 7th, 2018 - OOTP Baseball 18.8 Build 76